 Dungeon Crawl Stone Soup version 0.29.1-12-g30fa7ad0bf (webtiles) character file.

Game seed: 5682794287717181473

694 4FPSwarrior the Trooper (level 7, -3/55 HPs)
             Began as a Demonspawn Hedge Wizard on Jan 10, 2023.
             Slain by an ice beast (6 damage)
             ... on level 5 of the Dungeon.
             The game lasted 00:24:24 (7956 turns).

4FPSwarrior the Trooper (Demonspawn Hedge Wizard)   Turns: 7956, Time: 00:24:25

Health: -3/55      AC:  6    Str: 10    XL:     7   Next: 37%
Magic:  22/22      EV: 11    Int: 17    God:
Gold:   107        SH:  0    Dex: 15    Spells: 9/14 levels left

rFire   . . .      SeeInvis .   a - +0 dagger
rCold   . . .      Faith    .   (no shield)
rNeg    . . .      Spirit   .   g - +0 leather armour
rPois   .          Reflect  .   c - +0 hat
rElec   .          Harm     .   (no cloak)
rCorr   .          Rampage  .   y - +2 pair of gloves
Will    .....                   (no boots)
Stlth   +++.......              h - amulet of magic regeneration
HPRegen 0.18/turn               k - ring of magical power
MPRegen 0.58/turn               (no ring)

@: about to teleport
A: thin skeletal structure 1, foul stench 2, weakness stinger 1
a: no special abilities


You were on level 5 of the Dungeon.
You visited 1 branch of the dungeon, and saw 5 of its levels.

You collected 149 gold pieces.
You spent 42 gold pieces at shops.

Inventory:

Hand Weapons
 a - a +0 dagger (weapon)
Armour
 b - a +0 robe
 c - a +0 hat (worn)
 g - a +0 leather armour (worn)
 y - a +2 pair of gloves (worn)
Jewellery
 h - an amulet of magic regeneration (around neck)
 k - a ring of magical power (left hand)
 w - a ring of magical power
 B - an amulet of reflection
Wands
 i - a wand of roots (1)
 u - a wand of digging (6)
 A - a wand of polymorph (7)
 D - a wand of flame (9)
 H - a wand of mindburst (17)
Scrolls
 e - a scroll of butterflies {unknown}
 j - a scroll of enchant weapon {unknown}
 p - a scroll of vulnerability {unknown}
 q - a scroll of teleportation
 r - 3 scrolls of enchant armour
 F - a scroll of fear {unknown}
 G - a scroll of magic mapping {unknown}
Potions
 d - a potion of magic
 f - a potion of invisibility {unknown}
 l - 2 potions of heal wounds {unknown}
 m - 3 potions of might
 n - 3 potions of brilliance
 o - 4 potions of curing
 s - 2 potions of attraction {unknown}
 t - 2 potions of cancellation {unknown}
 v - 2 potions of mutation {unknown}
 x - a potion of flight {unknown}
 z - a potion of resistance {unknown}
 C - a potion of haste {unknown}
 E - a potion of degeneration {unknown}


   Skills:
 * Level 4.6 Fighting
 - Level 1.7 Dodging
 - Level 1.7 Stealth
 + Level 4.2 Spellcasting
 + Level 3.2 Conjurations
 + Level 2.9 Summonings
 - Level 0.8 Translocations
 + Level 1.8 Air Magic
 + Level 2.1 Poison Magic


You had 9 spell levels left.
You knew the following spells:

 Your Spells              Type           Power      Damage    Failure   Level
a - Magic Dart            Conj           56%        1d5       5%          1
b - Call Imp              Summ           13%        N/A       10%         2
c - Poisonous Vapours     Pois/Air       20%        N/A       14%         2

Your spell library contained the following spells:

 Spells                   Type           Power      Damage    Failure   Level
 Sting                    Tmut/Pois      28%        1d4       14%         1
 Slow                     Hex            12%        N/A       22%         1
 Blink                    Tloc           12%        N/A       22%         2
 Mephitic Cloud           Conj/Pois/Air  11%        N/A       24%         3
 Conjure Flame            Conj/Fire      9%         6-21      32%         3
 Gell's Gravitas          Tloc           6%         N/A       41%         3
 Teleport Other           Tloc           6%         N/A       41%         3
 Olgreb's Toxic Radiance  Pois           10%        N/A       65%         4
 Corpse Rot               Necr/Pois/Air  8%         N/A       77%         4
 Dispersal                Tloc           3%         N/A       100%        6


Dungeon Overview and Level Annotations

Branches:
Dungeon (5/15)
 Temple: D:4-7

Altars:
Cheibriados
Ru
Sif Muna
Wu Jian

Shops:
D:2 *

Annotations:
D:4 Eustachio


Innate Abilities, Weirdness & Mutations

You have a somewhat thin skeletal structure. (Dex +2, Stealth+)
You sometimes emit foul miasma when damaged in melee.
You have a small tail.


Message History

The ice beast freezes you!
Casting: Call Imp (safe; 10% risk of failure)
Confirm with . or Enter, or press ? or * to list all spells.
A beastly little devil appears in a puff of flame.
The ice beast misses you. The ice beast attacks as you move away!
The ice beast hits you. The ice beast freezes you!
You emit a cloud of foul miasma!
The ice beast is engulfed in dark miasma.
The ice beast barely misses your crimson imp.
Your crimson imp blinks!
Your crimson imp blinks!
The ice beast attacks as you move away! The ice beast misses you.
Your crimson imp hits the ice beast but does no damage.
Your magical contamination has completely faded away.
The ice beast attacks as you move away! The ice beast hits you.
The ice beast freezes you!
Your crimson imp blinks!
Okay, then.
Unknown command.
Press: ? - help, v - describe, . - travel
Here: an ice beast (moderately wounded)
The floor.
Unknown command.
Okay, then.
Aiming: Polymorph
Press: ? - help, Shift-Dir - straight line, f - ice beast
Aim: an ice beast (moderately wounded, will become a tengu, a steam dragon, or a water moccasin, chance to affect: 49%)
Okay, then.
Unknown command.
As you read the scroll labelled OMPINW PIDGH, it crumbles to dust.
You feel strangely unstable.
It was a scroll of teleportation.
The ice beast closely misses you. The ice beast attacks as you move away!
The ice beast hits you.
* * * LOW HITPOINT WARNING * * *
The ice beast freezes you!
* * * LOW HITPOINT WARNING * * *
The ice beast attacks as you move away! The ice beast hits you.
* * * LOW HITPOINT WARNING * * *
The ice beast freezes you.
You die...

#.##.##.##########...
#.##..#.#.......###.#
###.###.#.#.#####.# #..
#...#.............#####
#.#..........#..>...# #
#.########........#.###
#.#.......≈≈≈≈≈≈≈......
#.#.≈≈≈≈≈≈......≈..####
#.#.≈.@...#####.≈..#
#.#.≈Y####....#[≈..#
#.#.≈.#...≈≈≈.#.≈..#
#.#.≈5#.≈≈._≈.#.≈..#
#.#.≈.#.≈...≈.#.≈..#
#..#.≈.#)..#.≈.#.≈.#
##.#.≈.#_.##.≈.#.≈.#
#.#.≈.###...≈.#.≈##
#.#.≈....≈≈≈≈.#.≈#


You could see an ice beast (ally target) and a friendly crimson imp (summoned).

Vanquished Creatures
  A necrophage (D:4)
  2 howler monkeys (D:4)
  3 hounds
  An orc priest (D:4)
  A gnoll bouda (D:4)
  3 orc wizards
  5 gnolls
  4 adders
  2 worms
  2 dart slugs
  5 orcs
  4 bats
  7 endoplasms
  A giant cockroach (D:2)
  10 goblins
  4 hobgoblins
  6 jackals (D:4)
  5 quokkas
  A ball python (D:4)
  5 frilled lizards
  7 kobolds
  2 rats
81 creatures vanquished.

Vanquished Creatures (collateral kills)
  2 scorpions
  An adder (D:4)
  2 gnolls (D:4)
5 creatures vanquished.

Vanquished Creatures (others)
  An orc wizard (D:5)
1 creature vanquished.

Grand Total: 87 creatures vanquished

Notes
Turn   | Place    | Note
-------+----------+-------------------------------------------
     0 | D:1      | 4FPSwarrior the Demonspawn Hedge Wizard began the quest for
                  | the Orb.
     0 | D:1      | Reached XP level 1. HP: 13/13 MP: 4/4
   291 | D:1      | Found a faded altar of an unknown god.
   317 | D:1      | Reached skill level 1 in Fighting
   352 | D:1      | Gained mutation: You may rarely emit foul miasma when
                  | damaged in melee. [demonic ancestry]
   352 | D:1      | Reached XP level 2. HP: 21/21 MP: 1/6
  1627 | D:2      | Learned a level 2 spell: Call Imp
  1865 | D:2      | Gained mutation: You sometimes emit foul miasma when
                  | damaged in melee. [demonic ancestry]
  1865 | D:2      | Reached XP level 3. HP: 27/27 MP: 4/7
  1991 | D:2      | Found Talett's General Store.
  2445 | D:3      | Noticed a wight
  2445 | D:3      | Noticed a wight
  2544 | D:2      | Found a sacrificial altar of Ru.
  2781 | D:2      | Bought a potion of curing for 42 gold pieces
  3045 | D:3      | Noticed a wight
  3053 | D:3      | Noticed a wight
  3280 | D:3      | Reached XP level 4. HP: 27/34 MP: 5/9
  3433 | D:3      | Found a shimmering blue altar of Sif Muna.
  3903 | D:4      | Noticed Eustachio
  4059 | D:4      | Learned a level 2 spell: Poisonous Vapours
  4075 | D:4      | Reached XP level 5. HP: 41/41 MP: 10/10
  4986 | D:5      | Entered Level 5 of the Dungeon
  5249 | D:4      | Gained mutation: You have a small tail. [demonic ancestry]
  5249 | D:4      | Reached XP level 6. HP: 33/48 MP: 11/11
  5394 | D:4      | Reached skill level 1 in Air Magic
  5394 | D:4      | Reached skill level 1 in Poison Magic
  6706 | D:4      | Gained mutation: You have a somewhat thin skeletal
                  | structure. (Dex +2, Stealth+) [demonic ancestry]
  6706 | D:4      | Reached XP level 7. HP: 41/54 MP: 13/13
  7805 | D:5      | Found an ornate altar of the Wu Jian Council.
  7806 | D:5      | Found a snail-covered altar of Cheibriados.
  7956 | D:5      | Slain by an ice beast

Illustrated notes

Levels and vault maps discovered:
D:1:      dpeg_arrival_circle_labyrinth_a, layout_rooms,
          shapermc_ecumenical_altar_petra
D:2:      minmay_general_purpose_star, layout_loops_cross, basic_altar,
          serial_shops, nicolae_lakefront_shop, kennysheep_flooded_box
D:3:      layout_rooms, kennysheep_orc_sif_temple
D:4:      layout_basic, chequers_serial_rivers_large_a, moated_statue,
          uniq_eustachio
D:5:      layout_loops_cross, nicolae_overflow_squiral, cheibrodos_gnoll_hut

Skill      XL: |  1  2  3  4  5  6  7 |
---------------+----------------------+-----
Fighting       | 1 2 3 4 |  4.6
Conjurations   | 2 3 |  3.2
Summonings     | 2 |  2.9
Air Magic      | 1 |  1.8
Poison Magic   | 1 2 |  2.1
Spellcasting   | 4 |  4.2
Dodging        | |  1.7
Stealth        | |  1.7
Translocations | |  0.8

Action                   |  1- 3 |  4- 6 |  7- 9 || total
-------------------------+-------+-------+-------++-------
Melee: Dagger            |     2 |     1 |     1 ||     4
 Cast: Magic Dart        |   145 |   185 |    55 ||   385
       Call Imp          |       |    11 |     5 ||    16
Evoke: Wand              |       |     5 |       ||     5
  Use: Scroll            |       |     3 |     1 ||     4
       Potion            |       |     1 |       ||     1
Armor: Leather armour    |    14 |    27 |    15 ||    56
Dodge: Dodged            |    20 |    55 |    37 ||   112
